 Dungeon Crawl Stone Soup version 0.27-a0-797-g27d10ad80f (webtiles) character file.

Game seed: 433456585956011842

63 polve the Slasher (level 3, -1/29 HPs)
             Began as a Demonspawn Abyssal Knight on Mar 27, 2021.
             Was a Follower of Lugonu.
             Slain by a gnoll
             ... wielding a +0 whip
              (4 damage)
             ... on level 2 of the Dungeon.
             The game lasted 00:01:46 (1675 turns).

polve the Slasher (Demonspawn Abyssal Knight)       Turns: 1675, Time: 00:01:47

Health: -1/29      AC:  3    Str: 12    XL:     3   Next: 89%
Magic:  4/4        EV: 11    Int: 14    God:    Lugonu [*.....]
Gold:   80         SH:  0    Dex: 12    Spells: 2/2 levels left

rFire    . . .     SeeInvis .   a - +1 falchion
rCold    . . .     Faith    .   (no shield)
rNeg     . . .     Spirit   .   b - +0 leather armour
rPois    .         Reflect  .   (no helmet)
rElec    .         Harm     .   (no cloak)
rCorr    .         Rampage  .   (no gloves)
Will     .....                  (no boots)
Stlth    +.........             (no amulet)
HPRegen  0.09/turn              (no ring)
MPRegen  0.09/turn              (no ring)

@: no status effects
A: hooves 1, spiny 1
a: Renounce Religion, Depart the Abyss


You were on level 2 of the Dungeon.
You worshipped Lugonu.
Lugonu was aware of your devotion.
You visited 1 branch of the dungeon, and saw 2 of its levels.
You visited the Abyss 1 time.

You collected 80 gold pieces.

Inventory:

Hand Weapons
 a - a +1 falchion (weapon)
Armour
 b - a +0 leather armour (worn)
Jewellery
 h - a ring of ice
 m - a ring of flight
Wands
 i - a wand of polymorph (7)
Scrolls
 c - 2 scrolls of amnesia {unknown}
 d - 2 scrolls of identify {unknown}
 e - a scroll of torment {unknown}
 f - a scroll of fear {unknown}
 g - a scroll of noise {unknown}
Potions
 j - a potion of lignification {unknown}
 k - a potion of might {unknown}
 l - a potion of curing {unknown}


   Skills:
 - Level 3.0 Fighting
 + Level 3.9 Long Blades
 - Level 1.7 Armour
 - Level 0.8 Dodging
 - Level 2.4 Invocations


You had 2 spell levels left.
You didn't know any spells.
Your spell library contained the following spells:

 Spells                   Type           Power      Damage    Failure   Level
 Confusing Touch          Hex            0%         N/A       73%         3
 Gell's Gravitas          Tloc           0%         N/A       73%         3
 Petrify                  Tmut/Erth      0%         N/A       98%         4
 Metabolic Englaciation   Hex/Ice        0%         N/A       100%        5
 Yara's Violent Unravell  Hex/Tmut       0%         3d3       100%        5


Dungeon Overview and Level Annotations

Branches:
Dungeon (2/15)

Altars:


Innate Abilities, Weirdness & Mutations

You have large cloven feet.
You are partially covered in sharp spines.


Message History

The gnoll is severely wounded.
The gnoll hits you from afar with a +0 spear.
The gnoll is struck by your spines. The gnoll hits you with a +0 whip.
You hit the gnoll but do no damage.
The gnoll is almost dead.
The gnoll hits you from afar with a +0 spear!
* * * LOW HITPOINT WARNING * * *
The gnoll closely misses you.
You closely miss the gnoll.
The gnoll is almost dead.
The gnoll is struck by your spines.
You kill the gnoll!
Lugonu accepts your kill. The gnoll closely misses you.
There is an open door here.
You see here 14 sling bullets.
Things that are here:
a jackal corpse; a jackal corpse You see here a +0 hunting sling.
The gnoll completely misses you.
The gnoll hits you from afar with a +0 spear.
There is a stone staircase leading up here.
The gnoll hits you from afar with a +0 spear.
* * * LOW HITPOINT WARNING * * *
You climb upwards.
There is a stone staircase leading down here.
HP restored.
Done exploring.
You climb downwards.
The gnoll hits you with a +0 whip.
The gnoll hits you from afar with a +0 spear.
There is a stone staircase leading up, spattered with blood here.
There is an open door here.
You closely miss the gnoll. You kick the gnoll, but do no damage.
The gnoll hits you with a +0 whip.
You barely miss the gnoll. Your kick misses the gnoll.
The gnoll is struck by your spines. The gnoll hits you with a +0 whip.
The gnoll hits you from afar with a +0 spear.
* * * LOW HITPOINT WARNING * * *
The gnoll hits you with a +0 whip.
You die...

#.#.#)#.#.#..#.# #.#
#.#####.#.#.#..#.# #.#
#..)....)...#..#.####.####
######......#..#.#>)......
#......#..#.#.##g####
####'#<...#.#......รท.
#g#....#.#g##.####
#g#(.....#.##.#
#@#...####.##.####
#.#........##.....
###.##########...###
#...................
#....#########...###
#....# #...# #....# #...#
#....# #...# #....# #....


You could see 2 gnolls.

Vanquished Creatures
  A gnoll (D:2)
  An adder (D:2)
  5 ball pythons
  7 endoplasms
  A giant cockroach (D:1)
  3 goblins
  A hobgoblin (D:2)
  2 jackals (D:2)
  6 kobolds
  3 quokkas
  4 bats (D:1)
  4 frilled lizards (D:1)
  2 rats
40 creatures vanquished.

Notes
Turn   | Place    | Note
-------+----------+-------------------------------------------
     0 | Abyss:1  | polve the Demonspawn Abyssal Knight began the quest for the
                  | Orb.
     0 | Abyss:1  | Reached XP level 1. HP: 18/18 MP: 2/2
    36 | Abyss:1  | Found a corrupted altar of Lugonu.
    68 | Abyss:1  | Noticed a ynoxinul
    85 | Abyss:1  | Noticed a spatial maelstrom
    85 | Abyss:1  | Noticed a spatial vortex
    85 | Abyss:1  | Noticed a spatial vortex
    85 | Abyss:1  | Noticed a spatial vortex
    86 | D:1      | Escaped the Abyss
   192 | D:1      | Reached * piety under Lugonu
   426 | D:1      | Gained mutation: You are partially covered in sharp spines.
                  | [demonic ancestry]
   426 | D:1      | Reached XP level 2. HP: 24/24 MP: 3/3
   871 | D:2      | Gained mutation: You have large cloven feet. [demonic
                  | ancestry]
   871 | D:2      | Reached XP level 3. HP: 23/29 MP: 4/4
  1675 | D:2      | Slain by a gnoll

Illustrated notes

Levels and vault maps discovered:
D:1:      nzn_arrival_depleted_hourglass, layout_rooms
D:2:      layout_basic, chequers_temple_overflow_statue_of_worship,
          minmay_split_cup_small

Skill      XL: |  1  2 |
---------------+-------+-----
Long Blades    | 2 3 |  3.9
Fighting       | |  3.0
Armour         | |  1.7
Dodging        | |  0.8
Invocations    | |  2.4

Action                   || total
-------------------------++-------
Melee: Falchion          ||    70
       Kick              ||    11
Invok: Depart the Abyss  ||     1
Armor: Leather armour    ||    13
Dodge: Dodged            ||    33
       Rpst.: Falchion   ||    10

Table legend: (Time is in decaauts)
 A = Elapsed time spent in this place.
 B = Non-inter-level travel time spent in this place.
 C = Inter-level travel time spent in this place.
 D = Time resting spent in this place.
 E = Time spent auto-exploring this place.
 F = Levels seen in this place.
 G = Mean time per level.
                   A        B        C        D        E       F      G
               +--------+--------+--------+--------+--------+-----+--------+
         Total |   1686 |   1661 |     25 |      0 |   1343 |   3 |  562.0 |
       Dungeon |   1600 |   1575 |     25 |      0 |   1280 |   2 |  800.0 |
         Abyss |     86 |     86 |      0 |      0 |     63 |   1 |   86.0 |
               +--------+--------+--------+--------+--------+-----+--------+

Top non-repeatable levels by time:
     D:1: 1059 daAuts
     D:2: 541 daAuts
 Abyss:1: 86 daAuts
